Map: 시뮬레이크럼 - 래더

Players

Trap - Winner!

  • Race: Protoss Protoss
  • Spawn Location: 5:00

Patience

  • Race: Protoss Protoss
  • Spawn Location: 11:00

Event: IEM Katowice 2020

VOD

Have the link to the VOD?

Description

Time

  • Played on: Feb. 28, 2020, 6:56 a.m.
  • Length: 17:02

All games in this series

Show
View Real Time Build Order
Export as new Build Order

Trap Protoss - Winner!

Build Orders: Oracle Opening 

Get SALT Encoding   

  12  0:00  Probe  
  13  0:12  Probe  
  14  0:17  Pylon  
  14  0:24  Probe (Chrono Boost)  
  15  0:36  Probe (Chrono Boost)  
  15  0:37  Gateway  
  16  0:45  Probe (Chrono Boost)  
  16  0:48  Assimilator  
  17  0:50  Probe  
  18  0:58  Assimilator  
  18  1:03  Probe (Chrono Boost)  
  19  1:13  Probe (Chrono Boost)  
  19  1:14  Gateway  
  19  1:18  Probe (Chrono Boost)  
  21  1:25  Cybernetics Core  
  21  1:30  Probe  
  22  1:37  Pylon  
  22  1:42  Probe  
  23  1:56  Probe  
  24  2:02  Adept x2  
  24  2:03  Warp Gate  
  28  2:10  Pylon  
  28  2:20  Shield Battery  
  28  2:29  Stargate  
  28  2:35  Adept  
  30  2:38  Adept  
  31  3:09  Oracle (Chrono Boost)  
  34  3:18  Nexus  
  34  3:23  Probe  
  33  3:28  Robotics Facility  
  33  3:35  Probe (Chrono Boost)  
  33  3:39  Pylon  
  34  3:47  Probe (Chrono Boost)  
  35  3:52  Probe (Chrono Boost)  
  34  4:02  Probe  
  33  4:07  Stalker  
  33  4:09  Stalker  
  35  4:12  Shield Battery  
  35  4:19  Shield Battery  
  35  4:29  Shield Battery  
  35  4:31  Stalker  
  37  4:35  Stalker  
  39  4:45  Shield Battery  
  39  4:51  Immortal (Chrono Boost)  
  39  4:57  Sentry  
  39  4:59  Sentry  
  47  5:05  Probe (Chrono Boost)  
  47  5:06  Probe (Chrono Boost)  
  47  5:15  Probe (Chrono Boost)  
  47  5:17  Probe (Chrono Boost)  
  47  5:20  Probe (Chrono Boost)  
  48  5:27  Sentry  
  52  5:30  Probe (Chrono Boost)  
  52  5:31  Probe (Chrono Boost)  
  53  5:36  Pylon  
  53  5:37  Shield Battery  
  53  5:42  Probe (Chrono Boost)  
  54  5:45  Forge  
  54  5:54  Probe (Chrono Boost)  
  54  5:55  Assimilator x2  
  56  6:00  Probe (Chrono Boost), Twilight Council  
  57  6:04  Probe (Chrono Boost)  
  57  6:05  Pylon  
  57  6:06  Adept  
  57  6:07  Adept  
  57  6:08  Probe (Chrono Boost)  
  62  6:14  Protoss Ground Weapons Level 1 (Chrono Boost)  
  62  6:20  Pylon  
  62  6:23  Probe x2  
  64  6:28  Immortal  
  68  6:33  Charge (Chrono Boost)  
  68  6:39  Probe x2  
  70  6:49  Gateway x2  
  70  6:51  Gateway  
  70  6:58  Pylon  
  71  7:08  Immortal  
  71  7:13  Templar Archives  
  71  7:14  Probe  
  71  7:15  Probe  
  69  7:41  Robotics Bay  
  67  7:45  Robotics Facility  
  67  7:49  Observer  
  67  7:51  Zealot x5  
  70  7:53  Pylon  
  78  8:03  Pylon  
  78  8:04  Pylon  
  78  8:06  Blink  
  78  8:18  Stalker  
  80  8:22  Zealot  
  80  8:26  Zealot x3  
  85  8:32  Protoss Ground Weapons Level 2 (Chrono Boost)  
  83  8:35  Disruptor (Chrono Boost)  
  83  8:40  Observer (Chrono Boost)  
  85  8:44  Stalker x2  
  89  8:50  Photon Cannon  
  89  8:52  Disruptor (Chrono Boost)  
  89  8:53  Photon Cannon  
  92  9:09  Nexus  
  92  9:13  Pylon  
  92  9:22  Stalker x2  
  96  9:27  Disruptor  
  99  9:34  Disruptor  
  96  9:47  Stalker x2  
  96  9:49  Probe x2 (Chrono Boost)  
  102  9:58  Probe x2 (Chrono Boost)  
  102  10:03  Probe x2 (Chrono Boost)  
  95  10:12  Disruptor x2  
  99  10:21  Probe (Chrono Boost)  
  102  10:22  Assimilator  
  102  10:25  Probe (Chrono Boost), Assimilator  
  102  10:26  Probe (Chrono Boost)  
  102  10:31  Probe (Chrono Boost)  
  102  10:34  Probe x2 (Chrono Boost)  
  103  10:39  Zealot x2  
  107  10:48  Disruptor  
  107  10:51  Probe x3  
  110  11:02  Disruptor  
  110  11:03  Dark Shrine  
  113  11:06  Protoss Ground Weapons Level 3 (Chrono Boost)  
  111  11:19  Stalker x4  
  111  11:22  Pylon  
  119  11:29  Gravitic Boosters  
  119  11:39  Disruptor  
  119  11:56  Gateway  
  119  11:58  Pylon, Photon Cannon  
  119  11:59  Gateway  
  119  12:00  Zealot x4  
  127  12:06  Observer  
  128  12:09  Probe  
  128  12:10  Probe x2  
  128  12:14  Pylon  
  128  12:15  Disruptor  
  134  12:24  Shield Battery  
  134  12:25  Shield Battery  
  134  12:29  Nexus  
  134  12:37  Dark Templar x3  
  135  12:54  Stalker x4  
  140  13:02  Warp Prism  
  140  13:03  Disruptor  
  139  13:19  Stalker x4  
  143  13:22  Probe x3  
  140  13:33  Stalker  
  140  13:34  Stalker x2  
  146  13:39  Probe x3  
  144  13:58  Observer (Chrono Boost)  
  144  14:00  Observer (Chrono Boost)  
  142  14:03  Dark Templar x5  
  142  14:04  Zealot x2  
  146  14:30  Stalker x2  
  138  14:36  Stalker x5  
  136  14:59  Stalker x5  
  145  15:05  Archon x2  
  145  15:10  Nexus  
  142  15:16  Disruptor  
  142  15:18  Observer  
  144  15:33  Stalker  
  144  15:34  Stalker  
  148  15:39  Observer  
  141  15:43  Pylon  
  141  15:45  Pylon  
  141  15:46  Pylon, Stalker x3  
  147  15:53  Observer (Chrono Boost)  
  148  16:02  Stalker x4  
  152  16:08  Disruptor (Chrono Boost)  
  152  16:11  Disruptor (Chrono Boost)  
  152  16:38  Dark Templar x2, Zealot x4  
  152  16:39  Zealot  
  156  16:59  Dark Templar  
  156  17:00  Dark Templar  
Show
View Real Time Build Order
Export as new Build Order

Patience Protoss 

Build Orders:  

Get SALT Encoding   

  12  0:00  Probe  
  13  0:12  Probe  
  14  0:17  Pylon  
  14  0:25  Probe (Chrono Boost)  
  16  0:37  Probe (Chrono Boost)  
  16  0:38  Gateway  
  16  0:43  Probe (Chrono Boost)  
  16  0:47  Assimilator  
  17  0:51  Probe  
  17  0:55  Assimilator  
  18  1:03  Probe (Chrono Boost)  
  19  1:08  Gateway  
  19  1:12  Probe (Chrono Boost)  
  19  1:17  Probe (Chrono Boost)  
  21  1:28  Cybernetics Core  
  21  1:30  Probe  
  22  1:36  Pylon  
  22  1:43  Probe  
  23  1:55  Probe  
  24  2:03  Warp Gate (Chrono Boost)  
  24  2:05  Stalker  
  24  2:06  Stalker  
  28  2:08  Probe  
  28  2:14  Pylon  
  29  2:24  Shield Battery  
  29  2:26  Probe  
  30  2:39  Sentry x2  
  33  2:45  Probe  
  34  2:53  Nexus  
  34  2:58  Probe  
  35  3:09  Stalker  
  35  3:11  Stalker  
  38  3:27  Shield Battery  
  38  3:28  Probe  
  38  3:32  Pylon  
  39  3:39  Twilight Council  
  39  3:48  Probe  
  32  4:02  Adept x2  
  35  4:07  Probe  
  35  4:12  Probe  
  35  4:14  Blink (Chrono Boost)  
  36  4:21  Probe  
  37  4:36  Probe x2 (Chrono Boost)  
  41  4:47  Probe (Chrono Boost)  
  41  4:49  Probe (Chrono Boost), Stalker  
  41  4:50  Stalker  
  45  4:55  Probe  
  45  4:58  Probe  
  47  5:07  Probe  
  47  5:08  Forge  
  47  5:13  Probe  
  49  5:20  Probe (Chrono Boost)  
  50  5:25  Probe (Chrono Boost)  
  51  5:31  Robotics Facility  
  51  5:32  Probe (Chrono Boost)  
  51  5:34  Sentry  
  51  5:35  Probe (Chrono Boost)  
  55  5:36  Sentry  
  55  5:37  Probe (Chrono Boost)  
  55  5:40  Probe (Chrono Boost)  
  59  5:46  Probe  
  60  5:51  Probe  
  60  5:52  Protoss Ground Weapons Level 1  
  61  5:59  Gateway  
  61  6:01  Phoenix, Gateway  
  61  6:03  Assimilator  
  61  6:05  Assimilator  
  61  6:11  Pylon  
  61  6:13  Shield Battery  
  61  6:15  Shield Battery  
  61  6:27  Probe  
  61  6:28  Immortal (Chrono Boost)  
  67  6:36  Pylon  
  67  6:37  Stalker x2  
  70  6:40  Pylon  
  70  6:44  Charge  
  70  6:54  Probe x2  
  70  7:00  Robotics Bay  
  72  7:08  Warp Prism (Chrono Boost)  
  72  7:11  Probe  
  72  7:12  Probe  
  76  7:16  Pylon  
  76  7:26  Stalker x2  
  76  7:27  Stalker  
  85  7:47  Disruptor (Chrono Boost)  
  85  7:48  Probe  
  85  7:49  Probe  
  85  7:51  Gateway  
  86  7:52  Gateway  
  86  7:53  Pylon  
  86  7:59  Dark Shrine  
  86  8:03  Protoss Ground Weapons Level 2  
  86  8:29  Nexus  
  86  8:32  Disruptor (Chrono Boost)  
  84  8:37  Pylon  
  83  8:48  Stalker x6  
  95  8:58  Probe x2  
  95  9:00  Observer (Chrono Boost)  
  98  9:11  Colossus (Chrono Boost)  
  98  9:15  Probe x2  
  106  9:20  Extended Thermal Lance  
  106  9:27  Probe  
  93  9:50  Stalker x6  
  105  9:58  Probe (Chrono Boost)  
  105  9:59  Probe x2 (Chrono Boost)  
  101  10:03  Disruptor (Chrono Boost)  
  97  10:10  Probe (Chrono Boost)  
  100  10:14  Adept x2  
  100  10:16  Probe x2 (Chrono Boost)  
  100  10:18  Probe (Chrono Boost)  
  100  10:20  Dark Templar  
  107  10:22  Probe x2  
  107  10:24  Probe  
  110  10:34  Probe x2  
  112  10:36  Probe  
  113  10:44  Observer  
  113  10:47  Disruptor (Chrono Boost)  
  101  10:52  Probe  
  101  10:53  Probe x2  
  103  10:58  Assimilator  
  103  10:59  Protoss Ground Weapons Level 3 (Chrono Boost), Assimilator  
  103  11:12  Stalker x5  
  103  11:15  Stalker  
  115  11:21  Pylon  
  115  11:22  Warp Prism (Chrono Boost)  
  117  11:30  Pylon  
  117  11:34  Gateway  
  117  11:38  Gateway  
  116  11:53  Observer (Chrono Boost)  
  117  11:57  Photon Cannon  
  117  11:58  Photon Cannon  
  117  12:02  Nexus  
  117  12:04  Pylon, Zealot x4  
  117  12:05  Zealot x2  
  117  12:06  Disruptor (Chrono Boost)  
  129  12:15  Robotics Facility  
  132  12:18  Photon Cannon  
  132  12:22  Probe x2  
  134  12:23  Probe  
  135  12:34  Probe x2, Dark Templar  
  135  12:35  Dark Templar  
  141  12:42  Pylon  
  141  12:44  Pylon  
  141  12:46  Pylon  
  141  12:47  Pylon  
  141  12:58  Disruptor (Chrono Boost)  
  132  13:02  Disruptor (Chrono Boost)  
  129  13:19  Stalker x6  
  129  13:23  Disruptor (Chrono Boost)  
  130  13:29  Disruptor (Chrono Boost)  
  131  13:43  Dark Templar x5  
  131  13:44  Dark Templar  
  143  13:50  Disruptor (Chrono Boost)  
  143  13:54  Pylon  
  146  13:57  Nexus  
  149  14:05  Disruptor (Chrono Boost)  
  141  14:16  Dark Templar  
  135  14:17  Dark Templar x2  
  135  14:18  Zealot x3  
  135  14:20  Probe x3  
  135  14:23  Photon Cannon  
  133  14:32  Disruptor (Chrono Boost)  
  135  14:39  Observer (Chrono Boost)  
  124  14:55  Zealot x8  
  124  14:59  Disruptor (Chrono Boost)  
  140  15:00  Disruptor (Chrono Boost)  
  130  15:21  Stalker x5  
  130  15:22  Stalker  
  137  15:29  Disruptor (Chrono Boost)  
  137  15:30  Disruptor (Chrono Boost)  
  124  15:50  Stalker x6  
  124  16:14  Pylon, Disruptor (Chrono Boost)  
  122  16:25  Zealot x3  
  122  16:26  Zealot x3  
  122  16:30  Zealot x2  
  106  16:41  Probe x3, Nexus  
  100  16:54  Stalker x2  
  100  16:55  Stalker x3  

Tags
 
Add a new tag
Caveats
  • Supply blocks, unpowered buildings, or Contaminate may cause inaccurate times.
  • Supply counts are checked every 10 seconds.